 Dungeon Crawl Stone Soup version 0.25.1-2-g60ff931df9 (webtiles) character file.

Game seed: 11210902479397168681

79 DogServant the Ruffian (level 4, 0/38 HPs)
             Began as a Naga Transmuter on Oct 22, 2020.
             Slain by a bullfrog zombie (7 damage)
             ... on level 3 of the Dungeon.
             The game lasted 00:02:06 (2360 turns).

DogServant the Ruffian (Naga Transmuter)            Turns: 2360, Time: 00:02:07

Health: 0/38       AC:  2    Str: 13    XL:     4   Next: 37%
Magic:  7/7        EV: 10    Int: 13    God:
Gold:   146        SH:  0    Dex: 12    Spells: 4/7 levels left

rFire    . . .     SeeInvis +     - Unarmed
rCold    . . .     Gourm    .   (no shield)
rNeg     . . .     Faith    .   b - +0 robe
rPois    +         Spirit   .   (no helmet)
rElec    .         Reflect  .   (no cloak)
rCorr    .         Harm     .   (no gloves)
MR       .....                  (no barding)
Stlth    +.........             (no amulet)
HPRegen  0.12/turn              (no ring)
MPRegen  0.10/turn              (no ring)

@: appendage, very slow
A: large, horns 2, see invisible, deformed body, poison resistance, slowness 2,
slow metabolism 1, spit poison 1, AC +1
a: Spit Poison, End Transformation


You were on level 3 of the Dungeon.
You were hungry.
You had grown temporary horns.
You visited 1 branch of the dungeon, and saw 3 of its levels.

You collected 146 gold pieces.

Inventory:

Missiles
 a - 36 arrows
Armour
 b - a +0 robe (worn)
Jewellery
 h - a cursed ring of teleportation {unknown}
Scrolls
 c - a scroll of noise {unknown}
 f - 2 scrolls of remove curse {unknown}
 g - 4 scrolls of identify {unknown}
 j - a scroll of teleportation {unknown}
 m - a scroll of enchant weapon {unknown}
Potions
 e - a potion of curing {unknown}
 i - 2 potions of brilliance {unknown}
 k - a potion of lignification {unknown}
Comestibles
 d - 5 rations


   Skills:
 - Level 1.2 Fighting
 - Level 1.5 Dodging
 + Level 4.4 Unarmed Combat
 - Level 2.0 Spellcasting
 + Level 3.0 Transmutations


You had 4 spell levels left.
You knew the following spells:

 Your Spells              Type           Power        Failure   Level  Hunger
a - Beastly Appendage     Tmut           #.....       8%          1    ##.....
b - Sticks to Snakes      Tmut           #.......     11%         2    ###....

Your spell library contained the following spells:

 Spells                   Type           Power        Failure   Level  Hunger
 Spider Form              Tmut/Pois      #.........   38%         3    ####...
 Ice Form                 Ice/Tmut       #.......     80%         4    #####..
 Blade Hands              Tmut           #.........   90%         5    ######.


Dungeon Overview and Level Annotations

Branches:
Dungeon (3/15)

Altars:

Portals:
Abyss: D:1***


Innate Abilities, Weirdness & Mutations

You cannot wear boots.
Your serpentine skin is tough. (AC +1)
You have supernaturally acute eyesight. (SInv)
Armour fits poorly on your strangely shaped body.
Your system is resistant to poisons. (rPois)
You cover ground very slowly.
You have a slow metabolism.
You can spit poison.
You have a pair of horns on your head.


Message History

The bullfrog zombie is severely damaged.
The bullfrog zombie closely misses you.
You closely miss the bullfrog zombie.
The bullfrog zombie is severely damaged.
The bullfrog zombie hits you.
* * * LOW HITPOINT WARNING * * *
You barely miss the bullfrog zombie.
The bullfrog zombie is severely damaged.
The bullfrog zombie hits you.
* * * LOW HITPOINT WARNING * * *
You hit the bullfrog zombie.
The bullfrog zombie is severely damaged.
The bullfrog zombie barely misses you.
You hit the giant cockroach but do no damage.
You closely miss the giant cockroach. You headbutt the giant cockroach.
You kill the giant cockroach!
You hit the bullfrog zombie.
The bullfrog zombie is severely damaged.
The bullfrog zombie hits you!
You die...

### #<#
#.# #.#
#.# #.#
#.# #@#
#Z#
#†)......
###......
....s.
.....
##.#. .#
#


You could see a bullfrog zombie.

Vanquished Creatures
  Jessica (D:2)
  A gnoll (D:1)
  An adder (D:2)
  2 dart slugs (D:1)
  7 bats
  2 giant cockroaches
  A hobgoblin (D:2)
  5 jackals
  A frilled lizard (D:2)
  5 goblins
  2 kobolds (D:1)
  4 rats
32 creatures vanquished.

Notes
Turn   | Place    | Note
-------+----------+-------------------------------------------
     0 | D:1      | DogServant the Naga Transmuter began the quest for the Orb.
     0 | D:1      | Reached XP level 1. HP: 18/18 MP: 3/3
   191 | D:1      | Reached XP level 2. HP: 11/25 MP: 5/5
  1151 | D:1      | Reached XP level 3. HP: 31/31 MP: 6/6
  1474 | D:2      | Reached skill level 4 in Unarmed Combat
  1485 | D:2      | Noticed Jessica
  1492 | D:2      | Killed Jessica
  1667 | D:2      | Reached XP level 4. HP: 35/38 MP: 5/7
  1819 | D:2      | Learned a level 2 spell: Sticks to Snakes
  2360 | D:3      | Slain by a bullfrog zombie

Illustrated notes

Levels and vault maps discovered:
D:1:      minmay_arrival_glassed_features, layout_basic
D:2:      layout_basic, uniq_jessica
D:3:      layout_basic

Skill      XL: |  1  2  3  4 |
---------------+-------------+-----
Unarmed Combat | 4 |  4.4
Transmutations | 3 |  3.0
Fighting       | |  1.2
Dodging        | |  1.5
Spellcasting   | |  2.0

Action                   |  1- 3 |  4- 6 || total
-------------------------+-------+-------++-------
Melee: Unarmed           |    69 |    59 ||   128
       Headbutt          |     2 |     2 ||     4
 Cast: Beastly Appendage |     3 |     2 ||     5
       Sticks to Snakes  |       |     1 ||     1
 Abil: Spit Poison       |     6 |     1 ||     7
 Stab: Sleeping          |     1 |     1 ||     2
  Eat: Chunk             |     2 |     1 ||     3
Armor: Robe              |    16 |    14 ||    30
Dodge: Dodged            |    41 |    34 ||    75
